 Dungeon Crawl Stone Soup version 0.17-a0-105-g8f3376a (webtiles) character file.

289 Sabsy the Blocker (level 6, -4/52 HPs)
             Began as a Minotaur Chaos Knight on Mar 18, 2015.
             Engulfed by a cloud of flame (22 damage)
             ... on level 4 of the Dungeon.
             The game lasted 00:13:26 (2114 turns).

Sabsy the Blocker (Minotaur Chaos Knight)           Turns: 2114, Time: 00:13:30

Health: -4/52      AC:  7    Str: 18      XL:     6   Next: 9%
Magic:  3/3        EV: 12    Int:  4 (9)  God:    Xom [......]
Gold:   173        SH:  7    Dex: 10      Spells: 0 memorised, 5 levels left

rFire  . . .     SeeInvis .     a - +2 mace (chaos)
rCold  . . .     Clarity  .     b - +2 leather armour
rNeg   . . .     SustAb   .     m - +1 buckler
rPois  .         Gourm    .     (helmet restricted)
rElec  .         Spirit   .     (no cloak)
rCorr  .         Warding  .     g - +0 pair of gloves
rMut   .         Stasis   .     (no boots)
MR     +....                    (no amulet)
Stlth  +.........               (no ring)
                                (no ring)

@: very slightly contaminated, somewhat resistant to hostile enchantments, very
unstealthy
A: retaliatory headbutt, horns 2, magic resistance 1, mutation resistance 1, no
device heal 1
a: Renounce Religion


You were on level 4 of the Dungeon.
You worshipped Xom.
You were a very special plaything of Xom.
You were hungry.

You visited 1 branch of the dungeon, and saw 4 of its levels.

You collected 173 gold pieces.

Inventory:

Hand weapons
 a - a +2 mace of chaos (weapon)
Missiles
 e - 5 javelins
 i - 7 tomahawks (quivered)
Armour
 b - a +2 leather armour (worn)
 g - a +0 pair of gloves (worn)
 m - a +1 buckler (worn)
 t - a +2 helmet
Scrolls
 d - a scroll of enchant armour
 j - a scroll of remove curse
 k - 4 scrolls of identify
 n - a scroll of immolation
 p - 2 scrolls of random uselessness
Comestibles
 c - 2 bread rations


   Skills:
 - Level 3.9 Fighting
 - Level 4.1 Maces & Flails
 + Level 8.8 Armour
 - Level 2.7 Dodging
 + Level 11.0 Shields


You had 5 spell levels left.
You didn't know any spells.

Dungeon Overview and Level Annotations

Branches:
Dungeon (4/15)
 Temple: D:4-7

Altars:
Nemelex Xobeh


Innate Abilities, Weirdness & Mutations

You reflexively headbutt those who attack you in melee.
You have a pair of horns on your head.
You are resistant to hostile enchantments.
You are somewhat resistant to further mutation.
Potions and wands are less effective at restoring your health.


Message History

As you read the scroll labeled CUYT MALOKHOK, it crumbles to dust.
You assume a fearsome visage.
The worker ant looks frightened!
The orc looks frightened!
The bat looks frightened!
The gnoll looks frightened!
The gnoll looks frightened!
It was a scroll of fear.
Cornered, the bat turns to fight!
The bat misses you.
Read which item? (? for menu, Esc to quit)
As you read the scroll labeled REANKYGUNU, it crumbles to dust.
Your brain hurts!
It was a scroll of random uselessness.
The bat hits you but does no damage. You block the bat's attack.
Read which item? (? for menu, Esc to quit)
Okay, then.
You hit the bat. You burn the bat.
The bat explodes!
The fiery explosion engulfs you!
A shower of butterflies erupts from you!
The fiery explosion engulfs your butterfly.
You kill your butterfly!
You are engulfed in roaring flames.
You die...
Xom is highly amused!

#######...........#
##<....#....#...###.
#.............#.####.
#......#.............#
##.....##.###..(#####
#.....##.# #.###
###.####.# #b# #.# #.#
#b# #.# #.# #@# #.# .
#b# #.# #ยง# . #.#
#.###a####.O...
#.....O...o....
####.og.....o..
#.....#..gg..
#.###g####... #.#?#..
..


You could see an ogre, a worker ant (inner flame), 2 gnolls and an orc (inner
flame).

Vanquished Creatures
  Natasha (D:4)
  5 adders
  4 worms
  2 giant geckos
  An ooze (D:3)
  2 orcs (D:3)
  4 giant cockroaches
  8 hobgoblins
  10 jackals
  5 kobolds
  7 bats
  5 giant newts
  6 goblins
  5 rats
  A butterfly (D:4)
66 creatures vanquished.

Notes
Turn   | Place    | Note
--------------------------------------------------------------
     0 | D:1      | Sabsy, the Minotaur Chaos Knight, began the quest for the Orb.
     0 | D:1      | Reached XP level 1. HP: 19/19 MP: 1/1
   224 | D:1      | Reached XP level 2. HP: 25/27 MP: 1/1
   820 | D:2      | Reached XP level 3. HP: 33/33 MP: 2/2
   872 | D:2      | XOM: divination: magic mapping
   887 | D:2      | XOM: enchant monster (bad)
   891 | D:2      | Gained mutation: You are resistant to hostile enchantments. [potion of beneficial mutation]
   933 | D:2      | XOM: colour smoke trail
   985 | D:2      | Reached skill level 4 in Maces & Flails
  1094 | D:2      | Gained mutation: Potions and wands are less effective at restoring your health. [potion of mutation]
  1094 | D:2      | Gained mutation: You are somewhat resistant to further mutation. [potion of mutation]
  1195 | D:2      | Found a sparkling altar of Nemelex Xobeh.
  1199 | D:2      | Reached XP level 4. HP: 35/40 MP: 2/2
  1272 | D:2      | XOM: harmless Divn miscast
  1437 | D:3      | XOM: harmless Fire miscast
  1526 | D:3      | XOM: silly message
  1542 | D:3      | XOM: enchant monster (bad)
  1548 | D:3      | Reached skill level 1 in Shields
  1589 | D:3      | XOM: medium Divn miscast
  1686 | D:3      | XOM: smoke on damage
  1934 | D:3      | XOM: divination: detect items
  2070 | D:4      | Noticed Natasha
  2071 | D:4      | XOM: mild Conj miscast
  2074 | D:4      | Reached skill level 8 in Armour
  2074 | D:4      | Reached skill level 11 in Shields
  2074 | D:4      | Reached XP level 5. HP: 29/46 MP: 2/2
  2077 | D:4      | Killed Natasha
  2077 | D:4      | Reached XP level 6. HP: 32/52 MP: 3/3
  2104 | D:4      | Noticed an ogre
  2114 | D:4      | XOM: butterfly on damage
  2114 | D:4      | Engulfed by a cloud of flame

Action                   |  1- 3 |  4- 6 || total
-------------------------+-------+-------++-------
Melee: Mace              |    78 |    74 ||   152
  Use: Potion            |     6 |     5 ||    11
       Scroll            |       |     9 ||     9
  Eat: Chunk             |     1 |     1 ||     2
       Fruit             |       |     2 ||     2
